 Dungeon Crawl Stone Soup version 0.24.1-1-gd1d2a07e1b (webtiles) character file.

Game seed: 240411042097188153, levelgen mode: deterministic

3017 MajorAdolf the Covert (level 9, -4/81 HPs)
             Began as a Naga Wanderer on Apr 8, 2020.
             Killed from afar by a big kobold (5 damage)
             ... with a puff of flame
             ... on level 8 of the Dungeon.
             The game lasted 00:24:07 (9908 turns).

MajorAdolf the Covert (Naga Wanderer)               Turns: 9908, Time: 00:24:08

Health: -4/81      AC: 15    Str: 18    XL:     9   Next: 85%
Magic:  0/12       EV:  7    Int: 12    God:
Gold:   24         SH:  0    Dex: 11    Spells: 8/8 levels left

rFire    . . .     SeeInvis +   c - +2 whip (freeze)
rCold    . . .     Gourm    .   (no shield)
rNeg     + . .     Faith    .   z - +0 chain mail
rPois    +         Spirit   +   r - +0 helmet
rElec    .         Reflect  .   (no cloak)
rCorr    .         Harm     .   E - +1 pair of gloves
MR       +....                  (no barding)
Stlth    +.........             q - amulet of guardian spirit
HPRegen  0.23/turn              w - ring of positive energy
MPRegen  0.13/turn              C - +3 ring of protection

@: very slow
A: large, see invisible, deformed body, poison resistance, slowness 2, slow
metabolism 1, spit poison 1, AC +3
a: Spit Poison


You were on level 8 of the Dungeon.
You were not hungry.

You visited 2 branches of the dungeon, and saw 9 of its levels.
You also visited: Ossuary.

You collected 360 gold pieces.
You spent 336 gold pieces at shops.

Inventory:

Hand Weapons
 a - a +3 spear
 c - a +2 whip of freezing (weapon)
 y - a +0 battleaxe
Armour
 p - a +0 robe
 r - a +0 helmet (worn)
 z - a +0 chain mail (worn)
 E - a +1 pair of gloves (worn)
Jewellery
 e - an uncursed ring of positive energy
 q - an amulet of guardian spirit (around neck)
 w - a ring of positive energy (left hand)
 x - an uncursed amulet of regeneration {unknown}
 C - a +3 ring of protection (right hand)
Wands
 B - a wand of random effects (16)
 F - a wand of acid (10)
 K - a wand of digging (5)
 M - a wand of iceblast (6)
Scrolls
 h - 4 scrolls of enchant armour
 j - 6 scrolls of remove curse
 n - 3 scrolls of immolation
 t - 2 scrolls of blinking
 v - 3 scrolls of fear {unknown}
 G - 3 scrolls of teleportation
 H - a scroll of magic mapping
 I - 2 scrolls of amnesia
 J - 3 scrolls of identify
 L - a scroll of enchant weapon
Potions
 b - 3 potions of curing
 d - 2 potions of resistance {unknown}
 g - 3 potions of degeneration
 i - a potion of ambrosia {unknown}
 k - a potion of heal wounds {unknown}
 l - 2 potions of might
 m - 2 potions of invisibility {unknown}
 o - 2 potions of agility
 s - a potion of mutation {unknown}
 u - 4 potions of brilliance {unknown}
 A - a potion of berserk rage {unknown}
 D - 2 potions of haste {unknown}
Comestibles
 f - 12 rations


   Skills:
 - Level 5.0 Fighting
 + Level 5.4(5.5) Axes
 - Level 1.0(3.5) Polearms
 + Level 5.0 Armour
 + Level 5.2 Dodging
 + Level 10.1 Stealth
 - Level 1.0 Unarmed Combat
 + Level 5.2 Evocations


You had 8 spell levels left.
You didn't know any spells.
Your spell library was empty.

Dungeon Overview and Level Annotations

Branches:
Dungeon (8/15)             Temple (1/1) D:7         Ossuary (visited)
   Lair: D:8-11

Altars:
Ashenzari
Dithmenos
Elyvilon
Fedhas
Gozag
Hepliaklqana
Kikubaaqudgha
Makhleb
Nemelex Xobeh
Okawaru
Qazlal
Ru
Sif Muna
Trog
Uskayaw
Vehumet
Wu Jian
Xom
Yredelemnul
Zin
The Shining One

Shops:
D:5 *   D:6 }


Innate Abilities, Weirdness & Mutations

You cannot wear boots.
Your serpentine skin is tough. (AC +3)
You have supernaturally acute eyesight. (SInv)
Armour fits poorly on your strangely shaped body.
Your system is resistant to poisons. (rPois)
You cover ground very slowly.
You have a slow metabolism.
You can spit poison.


Message History

* * * LOW HITPOINT WARNING * * *
The worker ant bites you.
* * * LOW HITPOINT WARNING * * *
You are lethally poisoned!
The worker ant poisons you!
Unknown command.
You feel better.
The big kobold hits you with a cursed -1 short sword.
* * * LOW HITPOINT WARNING * * *
The worker ant barely misses you.
Unknown command.
Okay, then.
Evoke which item? (* to show all) (? for menu, Esc to quit)
Aiming: Corrosive Bolt
Press: ? - help, Shift-Dir - straight line, f/p - worker ant
Aim: a worker ant (severely wounded)
The bolt of acid misses the worker ant.
The worker ant bites you.
* * * LOW HITPOINT WARNING * * *
The big kobold zaps a wand.
The puff of flame hits you.
You die...

...#####+#
........
........
.........
.........
.........
.........
....##+#
###+##
....#
#@...#
....#
#aK..#
....#
#....#
#....#
o..%.%)...#
....P.....#
..........#
.......####
''#.#.#.


You could see a big kobold and a worker ant.

Vanquished Creatures
  Pikel (D:4)
  A hippogriff (D:7)
  Sigmund (D:4)
  A water moccasin (D:7)
  An orc warrior (D:8)
  3 ice beasts
  A sky beast (D:5)
  A slave (D:4)
  An ogre (D:7)
  3 phantoms
  An elf zombie (Ossuary)
  A big kobold (D:7)
  A bullfrog (D:8)
  A wyvern skeleton (D:7)
  3 killer bees (D:7)
  A crimson imp (D:5)
  A jelly (D:5)
  A hound (D:5)
  2 orc wizards
  3 centaur zombies
  A gnoll shaman (D:7)
  2 human zombies (Ossuary)
  A centaur skeleton (D:5)
  Natasha (thrice) (D:4)
  2 iguanas (D:7)
  A worker ant (D:6)
  2 big kobold zombies (Ossuary)
  2 mummies (Ossuary)
  7 gnolls
  9 adders
  2 shadow imps (D:6)
  2 oozes
  2 adder zombies
  3 worms
  7 dart slugs
  6 leopard geckos
  17 orcs
  A ball python (D:5)
  4 giant cockroaches
  5 goblins
  12 hobgoblins
  18 jackals
  4 quokkas
  8 bats
  3 frilled lizards
  2 goblin zombies (Ossuary)
  11 hobgoblin zombies (Ossuary)
  A jackal skeleton (D:4)
  29 kobolds
  12 kobold zombies (Ossuary)
  3 orc zombies (Ossuary)
  7 rats
  A rat zombie (Ossuary)
  3 plants (D:7)
222 creatures vanquished.

Vanquished Creatures (others)
  A slave (D:4)
  2 plants (D:7)
3 creatures vanquished.

Grand Total: 225 creatures vanquished

Notes
Turn   | Place    | Note
-------+----------+-------------------------------------------
     0 | D:1      | MajorAdolf the Naga Wanderer began the quest for the Orb.
     0 | D:1      | MajorAdolf set off with the following items: a +2 spear, a
                  | potion of curing, a potion of lignification, a +0 robe, a
                  | +0 dagger, a ration
     0 | D:1      | Reached XP level 1. HP: 25/25 MP: 1/1
   339 | D:1      | Reached XP level 2. HP: 32/32 MP: 2/2
   589 | D:1      | Reached skill level 1 in Armour
   697 | D:1      | Reached XP level 3. HP: 29/39 MP: 3/3
   808 | D:1      | Reached skill level 4 in Stealth
  1333 | D:2      | Reached XP level 4. HP: 10/46 MP: 4/4
  1653 | D:2      | Found an ornate altar of the Wu Jian Council.
  1967 | D:2      | Found a white marble altar of Elyvilon.
  2050 | D:2      | Reached skill level 5 in Stealth
  2058 | D:2      | Reached XP level 5. HP: 52/52 MP: 5/5
  2573 | D:3      | Found a shimmering altar of Xom.
  3228 | D:4      | Noticed Natasha
  3240 | D:4      | Killed Natasha
  3240 | D:4      | Reached skill level 1 in Axes
  3303 | D:4      | Noticed Natasha
  3318 | D:4      | Killed Natasha
  3318 | D:4      | Reached XP level 6. HP: 49/61 MP: 6/6
  3581 | D:4      | Noticed Natasha
  3621 | D:4      | Killed Natasha
  3782 | D:4      | Reached skill level 1 in Evocations
  3813 | D:4      | Noticed a slave
  3819 | D:4      | Noticed a slave
  3821 | D:4      | Killed a slave
  3822 | D:4      | Noticed a slave
  3832 | D:4      | Noticed a slave
  3836 | D:4      | Noticed Pikel
  3886 | D:4      | Killed Pikel
  3886 | D:4      | Reached skill level 7 in Stealth
  3886 | D:4      | Reached XP level 7. HP: 12/67 MP: 0/8
  4184 | D:4      | Found a hazy altar of Hepliaklqana.
  4223 | D:4      | Noticed Sigmund
  4545 | D:4      | Killed Sigmund
  4545 | D:4      | Reached XP level 8. HP: 74/74 MP: 8/10
  4940 | D:5      | Entered Level 5 of the Dungeon
  4949 | D:5      | Found Zin's Purification Station.
  4954 | D:5      | Found a glowing silver altar of Zin.
  5340 | D:5      | Reached skill level 8 in Stealth
  5553 | D:5      | Found a stormy altar of Qazlal.
  5848 | D:6      | Found Pinips's Gadget Boutique.
  6018 | D:6      | Found a sand-covered staircase.
  6054 | Ossuary  | Entered an ossuary
  6439 | Ossuary  | Reached XP level 9. HP: 10/81 MP: 4/12
  6958 | D:6      | Reached skill level 9 in Stealth
  7166 | D:6      | Found a sacrificial altar of Ru.
  7433 | D:7      | Found a hide-covered altar of Uskayaw.
  7436 | D:7      | Found a shattered altar of Ashenzari.
  7503 | D:7      | Found a sacrificial altar of Ru.
  7507 | D:7      | Found a glowing golden altar of the Shining One.
  7636 | D:7      | Found a staircase to the Ecumenical Temple.
  7886 | D:7      | Reached skill level 5 in Axes
  8380 | D:7      | Reached skill level 5 in Dodging
  8395 | D:7      | Reached skill level 5 in Evocations
  9539 | Temple   | Entered the Ecumenical Temple
  9674 | D:6      | Bought a wand of digging (5) for 216 gold pieces
  9674 | D:6      | Bought a wand of iceblast (6) for 120 gold pieces
  9723 | D:8      | Reached skill level 10 in Stealth
  9753 | D:8      | Found a blossoming altar of Fedhas.
  9892 | D:8      | Reached skill level 5 in Armour
  9906 | D:8      | HP: 1/81 [worker ant (4)]
  9908 | D:8      | Killed from afar by a big kobold

Levels and vault maps discovered:
D:1:      lightli_arrival_isolated_outpost, layout_basic,
          kennysheep_pointless_box, nrook_campfire
D:2:      layout_loops_ring, nicolae_overflow_hidden_temple, old_standard_altar,
          minmay_tetromino_i4
D:3:      layout_loops_corners, xom_butterflies, serial_glass, glass_columns_b,
          glass_columns_b
D:4:      layout_loops_corners, lemuel_round_altar, serial_glass,
          glass_columns_c, glass_columns_a, kennysheep_generic_room_3,
          uniq_sigmund, uniq_natasha, uniq_pikel
D:5:      layout_basic, zin_purify, nicolae_qazlal_general_emergency,
          first_ration
D:6:      layout_cave_pools, serial_shops, shop,
          nicolae_ossuary_entry_false_entrances, nicolae_ru_the_path_less_chosen
D:7:      kennysheep_kobold_camp, layout_basic, grunt_temple_overflow_open,
          minmay_temple_entry_purple_smoke
D:8:      layout_gridville, fedhas_ov_isle_minmay, cheibriados_altar_1,
          david_lair_shrubbed, serial_shops, kennysheep_mini_moat,
          blue_anna_alchemist [blue_anna_fruit_fields, blue_anna_fruit_fields]
Temple:   eino_temple_lava

Skill      XL: |  1  2  3  4  5  6  7  8  9 |
---------------+----------------------------+-----
Armour         | 1 2 3 4 5 |  5.0
Stealth        | 4 5 7 8 10 | 10.1
Dodging        | 2 3 4 5 |  5.2
Axes           | 1 2 3 4 5 |  5.4
Evocations     | 2 3 4 5 |  5.2
Fighting       | |  5.0
Polearms       | |  1.0
Unarmed Combat | |  1.0

Action                   |  1- 3 |  4- 6 |  7- 9 || total
-------------------------+-------+-------+-------++-------
Melee: Spear             |   106 |   308 |       ||   414
       Punch             |       |     2 |     5 ||     7
       Whip              |       |       |   902 ||   902
 Abil: Spit Poison       |    12 |     9 |     4 ||    25
Evoke: Wand              |       |       |    16 ||    16
  Use: Scroll            |       |    12 |     3 ||    15
       Potion            |       |     4 |     4 ||     8
 Stab: Sleeping          |     3 |     1 |       ||     4
  Eat: Chunk             |       |     9 |     7 ||    16
       Ration            |       |       |     3 ||     3
Armor: Robe              |     7 |       |       ||     7
       Ring mail         |     4 |    13 |       ||    17
       Chain mail        |       |   148 |   667 ||   815
       Skin              |       |   109 |    28 ||   137
Dodge: Dodged            |    34 |    83 |   287 ||   404
